 Dungeon Crawl Stone Soup version 0.26-a0-642-g67e99244d3 (webtiles) character file.

Game seed: 3179063546202718827

12152 DogServant the Geomancer (level 11, -28/64 HPs)
             Began as a Gargoyle Earth Elementalist on Sept 22, 2020.
             Was a Believer of Sif Muna.
             Annihilated by Urug
             ... wielding a +2 long sword of holy wrath
              (42 damage)
             ... on level 13 of the Dungeon.
             The game lasted 00:37:13 (13129 turns).

DogServant the Geomancer (GrEE)                    Turns: 13129, Time: 00:37:13

Health: -28/64     AC: 13    Str: 11    XL:     11   Next: 88%
Magic:  22/22      EV: 11    Int: 20    God:    Sif Muna [**....]
Gold:   304        SH:  4    Dex: 10    Spells: 5/25 levels left

rFire    + . .     SeeInvis .   d - staff of conjuration
rCold    . . .     Faith    .   o - +0 buckler
rNeg     + . .     Spirit   .   r - +1 leather armour {rF+}
rPois    ∞         Reflect  .   A - +0 helmet
rElec    +         Harm     .   (no cloak)
rCorr    .         Rampage  .   x - +0 pair of gloves
MR       .....                  (no boots)
Stlth    ++........             (no amulet)
HPRegen  0.20/turn              l - +4 ring of slaying
MPRegen  0.18/turn              c - ring of wizardry

@: hasted, very quick
A: deformed body, negative energy resistance 1, electricity resistance,
unbreathing, petrification resistance, rot immunity, MP-powered wands, AC +8
a: Channel Magic, Renounce Religion


You were on level 13 of the Dungeon.
You worshipped Sif Muna.
Sif Muna was pleased with you.
You visited 2 branches of the dungeon, and saw 13 of its levels.

You collected 716 gold pieces.
You spent 412 gold pieces at shops.

Inventory:

Hand Weapons
 y - a +2 whip of venom
 G - a +2 whip of freezing
Missiles
 b - 100 stones (quivered)
Armour
 o - a +0 buckler (worn)
 r - a +1 leather armour of fire resistance (worn)
 u - the +1 leather armour of the Evil One {rElec}
   (You bought it in a shop on level 11 of the Dungeon)

   It insulates you from electricity.
 x - a +0 pair of gloves (worn)
 A - a +0 helmet (worn)
Magical Staves
 d - an uncursed staff of conjuration (weapon)
 q - an uncursed staff of air
Jewellery
 c - a ring of wizardry (right hand)
 l - a +4 ring of slaying (left hand)
 n - an uncursed ring of fire
 w - an uncursed ring of fire
 B - a cursed ring of attention
 C - an uncursed ring of ice
Wands
 g - a wand of flame (18)
 k - a wand of enslavement (7)
 E - a wand of acid (7)
 F - a wand of digging (14)
 H - a wand of polymorph (9)
Scrolls
 i - 4 scrolls of remove curse
 p - a scroll of amnesia
 s - 2 scrolls of identify
 z - 2 scrolls of enchant weapon
Potions
 e - a potion of stabbing
 h - 2 potions of curing
 j - 3 potions of might


   Skills:
 + Level 5.9 Fighting
 - Level 3.1 Armour
 - Level 1.5 Dodging
 - Level 2.1 Stealth
 - Level 4.5 Shields
 - Level 7.7 Spellcasting
 + Level 7.9 Conjurations
 + Level 7.4 Transmutations
 + Level 2.4 Ice Magic
 + Level 9.5 Earth Magic
 + Level 5.0 Invocations
 + Level 2.3 Evocations


You had 5 spell levels left.
You knew the following spells:

 Your Spells              Type           Power        Failure   Level
a - Sandblast             Erth           #####.       1%          1
b - Passwall              Tmut/Erth      #####...     1%          2
c - Stone Arrow           Conj/Erth      ######       1%          3
d - Petrify               Tmut/Erth      #####...     1%          4
e - Lee's Rapid Deconstr  Erth           #####.....   2%          5
f - Beastly Appendage     Tmut           #####.       1%          1
g - Summon Ice Beast      Ice/Summ       ##......     26%         4

Your spell library contained the following spells:

 Spells                   Type           Power        Failure   Level
 Wereblood                Tmut           #####...     1%          2
 Spider Form              Tmut/Pois      ###.......   3%          3
 Summon Small Mammal      Summ           #...         4%          1
 Ice Form                 Ice/Tmut       ####....     6%          4
 Blade Hands              Tmut           #####.....   6%          5
 Call Imp                 Summ           #.......     7%          2
 Call Canine Familiar     Summ           #.......     13%         3
 Summon Guardian Golem    Hex/Summ       #.......     13%         3
 Summon Lightning Spire   Summ/Air       #.......     38%         4


Dungeon Overview and Level Annotations

Branches:
Dungeon (13/15)            Temple (1/1) D:7            Lair (0/6) D:9
    Orc: D:9-12      Vaults: D:13-14

Altars:
Ashenzari
Cheibriados
Dithmenos
Elyvilon
Fedhas
Gozag
Hepliaklqana
Kikubaaqudgha
Makhleb
Nemelex Xobeh
Okawaru
Qazlal
Ru
Sif Muna
Trog
Uskayaw
Vehumet
Wu Jian
Xom
Yredelemnul
Zin
The Shining One

Shops:
D:10 ?   D:11 [

Annotations:
D:6 Grinder
D:13 Nessos, Urug


Innate Abilities, Weirdness & Mutations

You are resistant to torment.
Your stone body is resilient. (AC +8)
You are immune to poison.
You resist negative energy. (rN+)
You are resistant to electric shocks. (rElec)
You can survive without breathing.
You are immune to petrification.
You are immune to rotting.
Armour fits poorly on your strangely shaped body.
You expend magic power (3 MP) to strengthen your wands.


Message History

You feel much better. The centaur warrior hits you.
A brown ugly thing comes into view.
Urug closely misses you.
The centaur warrior wields a +0 shortbow.
The centaur warrior shoots an arrow.
The arrow hits you!
You see here an arrow.
Okay, then.
Okay, then.
Okay, then.
Okay, then.
You feel yourself speed up.
Urug hits you with a +2 long sword of holy wrath!!
* * * LOW HITPOINT WARNING * * *
The centaur warrior unwields a +0 shortbow.
The centaur warrior barely misses you. The worker ant barely misses you.
Okay, then.
You feel better.
Urug hits you with a +2 long sword of holy wrath!!!
Ouch! That really hurt!
You die...

###.._..######
..............
#..cc...######
#.###.#(#..... #. #.
##..#### ###. #. ##.#
######..# #. ##.. ...
#a#.#. ### ###.#.##@##.#
.. #.######...#..co##.# #.
#........#####..##.# #.
###.##....#....##.# #.
#.##.#.#..u#.########.####
#.##=..............^^...o
#.###.#....#.#########.#
#O# #†#.#.##.u....oc((c#
#.###.#.#.############†#


You could see Urug (berserk), a brown ugly thing, a centaur warrior and a worker
ant.

Vanquished Creatures
  Erica (D:9)
  2 two-headed ogres (D:10)
  Pikel (D:6)
  2 centaur skeletons
  A gargoyle (D:10)
  3 trolls
  3 hippogriffs
  2 slime creatures (D:13)
  2 wraiths
  17 yaks
  2 wyverns
  Eustachio (D:5)
  2 vampire mosquitoes (D:13)
  A warg (D:11)
  A water moccasin (D:13)
  A soldier ant (D:11)
  2 sky beasts
  3 ice beasts
  2 necrophages
  An eye of draining (D:11)
  2 black bears
  2 ogres
  3 phantoms
  5 centaurs
  4 lemures (D:6)
  6 bullfrogs
  A scorpion (D:4)
  4 wights (D:11)
  2 howler monkeys
  2 hounds
  3 orc priests
  2 bullfrog zombies
  4 jellies
  A bullfrog skeleton (D:4)
  5 orc wizards
  2 iguanas (D:9)
  6 worker ants
  A hound zombie (D:7)
  2 worker ant zombies
  15 adders
  11 gnolls
  A howler monkey skeleton (D:4)
  A shadow imp (D:6)
  3 white imps
  2 ufetubi
  An ooze (D:6)
  6 worms
  4 dart slugs
  3 leopard geckos
  19 orcs
  4 bats
  3 giant cockroaches
  3 goblins (D:2)
  6 hobgoblins
  7 jackals
  A quokka (D:7)
  A ball python (D:2)
  6 frilled lizards
  A giant cockroach zombie (D:5)
  4 kobolds
  7 rats
216 creatures vanquished.

Notes
Turn   | Place    | Note
-------+----------+-------------------------------------------
     0 | D:1      | DogServant the Gargoyle Earth Elementalist began the quest
                  | for the Orb.
     0 | D:1      | Reached XP level 1. HP: 10/10 MP: 3/3
   503 | D:1      | Reached skill level 4 in Earth Magic
   503 | D:1      | Reached XP level 2. HP: 15/15 MP: 3/5
   531 | D:1      | You fall into a shaft and drop 1 floor!
   977 | D:2      | Reached XP level 3. HP: 12/19 MP: 0/7
   981 | D:2      | Learned a level 2 spell: Passwall
   985 | D:2      | Learned a level 3 spell: Stone Arrow
  1182 | D:2      | Found a white marble altar of Elyvilon.
  1208 | D:2      | Reached skill level 1 in Transmutations
  1470 | D:2      | Reached XP level 4. HP: 22/24 MP: 6/8
  1721 | D:2      | Reached skill level 1 in Conjurations
  2143 | D:2      | Found a hazy altar of Hepliaklqana.
  3360 | D:4      | Reached XP level 5. HP: 28/28 MP: 5/9
  3511 | D:4      | Reached skill level 5 in Earth Magic
  4094 | D:5      | Entered Level 5 of the Dungeon
  4098 | D:5      | Reached XP level 6. HP: 30/32 MP: 7/11
  4523 | D:5      | Noticed Eustachio
  4771 | D:5      | Noticed a sky beast
  4800 | D:4      | Killed a sky beast
  4800 | D:4      | Reached XP level 7. HP: 25/36 MP: 0/13
  4953 | D:5      | Killed Eustachio
  4953 | D:5      | Reached skill level 6 in Earth Magic
  5985 | D:6      | Reached XP level 8. HP: 38/41 MP: 7/14
  6258 | D:6      | Noticed Grinder
  6607 | D:6      | Reached skill level 7 in Earth Magic
  6624 | D:6      | Learned a level 4 spell: Petrify
  6630 | D:6      | Learned a level 5 spell: Lee's Rapid Deconstruction
  6657 | D:6      | Noticed Pikel
  6673 | D:6      | Reached skill level 1 in Fighting
  7018 | D:6      | Killed Pikel
  7018 | D:6      | Reached skill level 5 in Spellcasting
  7018 | D:6      | Reached skill level 5 in Conjurations
  7359 | D:6      | Reached XP level 9. HP: 50/50 MP: 10/16
  7755 | D:7      | Found a burning altar of Makhleb.
  7931 | D:7      | Reached skill level 5 in Transmutations
  7970 | D:7      | Found a staircase to the Ecumenical Temple.
  7991 | Temple   | Entered the Ecumenical Temple
  8126 | Temple   | Became a worshipper of Sif Muna the Loreminder
  8273 | D:7      | Found a glowing silver altar of Zin.
  8273 | D:7      | Noticed an angel
  8274 | D:7      | Noticed a cacodemon
  8327 | D:7      | You fall into a shaft and drop 3 floors!
  8327 | D:10     | Entered Level 10 of the Dungeon
  8345 | D:10     | Learned a level 1 spell: Beastly Appendage
  8413 | D:9      | Noticed Erica
  8413 | D:9      | Noticed a troll
  8429 | D:9      | Killed Erica
  8490 | D:9      | Noticed a troll
  8509 | D:9      | Killed a troll
  8650 | D:9      | Gained mutation: Scrolls take you a little longer to read.
                  | [potion of mutation]
  8650 | D:9      | Gained mutation: You are partially covered in molten
                  | scales. (AC +2) [potion of mutation]
  8651 | D:9      | Lost mutation: Scrolls take you a little longer to read.
                  | [potion of mutation]
  8651 | D:9      | Lost mutation: You are partially covered in molten scales.
                  | (AC +2) [potion of mutation]
  8651 | D:9      | Gained mutation: Armour fits poorly on your strangely
                  | shaped body. [potion of mutation]
  8651 | D:9      | Gained mutation: You expend magic power (3 MP) to
                  | strengthen your wands. [potion of mutation]
  8802 | D:9      | Reached XP level 10. HP: 56/56 MP: 19/19
  8804 | D:9      | Found a radiant altar of Vehumet.
  8841 | D:9      | Found an opulent altar of Gozag.
  8932 | D:9      | Found a staircase to the Lair.
  9311 | D:9      | Learned a level 4 spell: Summon Ice Beast
  9460 | D:10     | Noticed a two-headed ogre
  9798 | D:10     | Reached skill level 1 in Shields
  9931 | D:10     | Killed a two-headed ogre
  9931 | D:10     | Reached skill level 5 in Fighting
 10110 | D:10     | Found Ycricw's Magic Scroll Emporium.
 10122 | D:10     | Noticed a gargoyle
 10123 | D:10     | Killed a gargoyle
 10123 | D:10     | Reached skill level 1 in Invocations
 10131 | D:10     | Bought a scroll of teleportation for 30 gold pieces
 10307 | D:10     | Reached skill level 8 in Earth Magic
 10381 | D:10     | Reached * piety under Sif Muna
 10903 | D:11     | Noticed a two-headed ogre
 10910 | D:11     | Reached XP level 11. HP: 63/63 MP: 16/22
 10924 | D:10     | Killed a two-headed ogre
 11544 | D:11     | Reached skill level 9 in Earth Magic
 11632 | D:11     | Noticed a white ugly thing
 11660 | D:11     | Found Xafag's Armour Boutique.
 11663 | D:11     | Bought the +1 leather armour of the Evil One {rElec} for
                  | 315 gold pieces
 11663 | D:11     | Bought a +0 helmet for 67 gold pieces
 11682 | D:11     | Reached ** piety under Sif Muna
 12165 | D:11     | Reached skill level 1 in Ice Magic
 12212 | D:12     | Reached skill level 1 in Evocations
 12340 | D:12     | Noticed a two-headed ogre
 12370 | D:13     | Noticed a two-headed ogre
 12376 | D:13     | Noticed Urug
 12383 | D:13     | Found a bloodstained altar of Trog.
 12384 | D:13     | Noticed a centaur warrior
 12384 | D:13     | Noticed Nessos
 13104 | D:13     | Reached skill level 5 in Invocations
 13126 | D:13     | Noticed a brown ugly thing
 13129 | D:13     | Annihilated by Urug

Illustrated notes

Levels and vault maps discovered:
D:1:      dpeg_arrival_more_subterranean_lakeside_camping, layout_basic
D:2:      layout_loops_corners, elyvilon_altar_1, marbit_many_paths,
          kennysheep_cross_bottleneck
D:3:      layout_loops_corners
D:4:      layout_loops_ring
D:5:      layout_rooms, kennysheep_cluttered_room, kennysheep_generic_room_10,
          uniq_eustachio
D:6:      layout_loops_ring, uniq_pikel, uniq_grinder
D:7:      layout_gridville, grunt_temple_overflow_order_and_chaos_2,
          minmay_temple_entry_mist, kennysheep_generic_room_12
D:9:      layout_long_grid, old_standard_altar, nicolae_overflow_crystal_walls,
          lair_entry_dummy, uniq_erica
D:10:     layout_loops_ring, serial_shops, nicolae_shop_stone,
          grunt_ministairs_3
D:11:     layout_roguey, david_orc_3, serial_shops, nicolae_shop_behind_doors
D:12:     layout_irregular_city, serial_shops, nicolae_shop_statue_plus,
          minmay_curled_crystal
D:13:     layout_loops_ring, gammafunk_ghost_berserking_beasts, basic_altar,
          minivault_11, uniq_nessos, uniq_urug
Temple:   kb_temple_of_zot

Skill      XL: |  1  2  3  4  5  6  7  8  9 10 11 |
---------------+----------------------------------+-----
Earth Magic    | 4 5 6 7 8 9 |  9.5
Transmutations | 1 2 3 4 5 6 7 |  7.4
Spellcasting   | 3 4 5 6 7 |  7.7
Conjurations   | 1 2 3 4 5 7 |  7.9
Fighting       | 3 4 5 |  5.9
Armour         | 3 |  3.1
Shields        | 3 4 |  4.5
Invocations    | 3 5 |  5.0
Ice Magic      | 2 |  2.4
Evocations     | 2 |  2.3
Dodging        | |  1.5
Stealth        | |  2.1

Action                   |  1- 3 |  4- 6 |  7- 9 | 10-12 || total
-------------------------+-------+-------+-------+-------++-------
Melee: Dagger            |    55 |    70 |       |       ||   125
       Unarmed           |     3 |       |       |       ||     3
       Whip              |       |       |    72 |     4 ||    76
       Kick              |       |       |     1 |       ||     1
       Staff             |       |       |       |    15 ||    15
 Cast: Sandblast         |    27 |    64 |   125 |   143 ||   359
       Stone Arrow       |       |     1 |     7 |    52 ||    60
       Petrify           |       |       |     3 |     8 ||    11
       Beastly Appendage |       |       |     2 |       ||     2
       Lee's Rapid Decon |       |       |       |    11 ||    11
Evoke: Wand              |       |       |     3 |       ||     3
  Use: Scroll            |       |     8 |    12 |     6 ||    26
       Potion            |       |     3 |     2 |     5 ||    10
 Stab: Sleeping          |     1 |     2 |       |       ||     3
       Petrified         |       |       |     7 |       ||     7
Armor: Robe              |    28 |    38 |    50 |       ||   116
       Leather armour    |       |       |     2 |    70 ||    72
Dodge: Dodged            |    46 |    76 |    64 |    63 ||   249
Block: Buckler           |       |       |       |     3 ||     3

Table legend: (Time is in decaauts)
 A = Elapsed time spent in this place.
 B = Non-inter-level travel time spent in this place.
 C = Inter-level travel time spent in this place.
 D = Time resting spent in this place.
 E = Time spent auto-exploring this place.
 F = Levels seen in this place.
 G = Mean time per level.
                   A        B        C        D        E       F      G
               +--------+--------+--------+--------+--------+-----+--------+
         Total |  13170 |  12736 |    434 |   3768 |   6728 |  13 | 1013.1 |
       Dungeon |  13006 |  12601 |    405 |   3768 |   6641 |  12 | 1083.8 |
        Temple |    164 |    135 |     29 |      0 |     87 |   1 |  164.0 |
               +--------+--------+--------+--------+--------+-----+--------+

Top non-repeatable levels by time:
     D:2: 1724 daAuts
     D:6: 1661 daAuts
     D:4: 1459 daAuts
    D:10: 1431 daAuts
     D:9: 1364 daAuts
     D:5: 1105 daAuts
    D:11: 1062 daAuts
     D:3: 1057 daAuts
    D:13: 769 daAuts
     D:7: 643 daAuts
     D:1: 531 daAuts
    D:12: 194 daAuts
  Temple: 164 daAuts
